 Dungeon Crawl Stone Soup version 0.31-a0-202-g547052bce9 (webtiles) character file.

Game seed: 6308140588877182745

75 lunkers the Trooper (level 4, -1/41 HPs)
             Began as a Meteoran Wanderer on June 26, 2023.
             Slain by an orc
             ... wielding a +0 mace
              (2 damage)
             ... on level 2 of the Dungeon.
             The game lasted 00:02:02 (894 turns).

lunkers the Trooper (Meteoran Wanderer)              Turns: 894, Time: 00:02:03

Health: -1/41      AC:  3    Str: 15    XL:     4   Next: 86%
Magic:  7/7        EV: 11    Int: 14    God:
Gold:   61         SH:  0    Dex: 13    Spells: 4/5 levels left

rFire   . . .        a - +0 dagger (venom)
rCold   . . .        (no shield)
rNeg    . . .        c - +0 leather armour
rPois   .            (no helmet)
rElec   .            (no cloak)
rCorr   .            (no gloves)
SInv    .            (no boots)
Will    .....        (no amulet)
Stlth   +            (no ring)
HPRegen 0.26/turn    (no ring)
MPRegen 0.10/turn

%: no passive effects
@: glowing
A: sense surroundings 1, otherworldly, glowing, explore regen
a: no special abilities


You were on level 2 of the Dungeon.
You visited 1 branch of the dungeon, and saw 3 of its levels.

You collected 61 gold pieces.

Inventory:

Hand Weapons
 a - a +0 dagger of venom (weapon)
 f - a +0 club
Armour
 c - a +0 leather armour (worn)
Scrolls
 b - a scroll of blinking
 e - 3 scrolls of identify {unknown}
 g - a scroll of noise {unknown}
 i - 5 scrolls of fear {unknown}
 j - a scroll of vulnerability {unknown}
 l - 3 scrolls of teleportation {unknown}
 o - a scroll of poison {unknown}
Potions
 d - 2 potions of attraction
 h - a potion of haste {unknown}
 k - a potion of enlightenment {unknown}
 m - a potion of resistance {unknown}
 n - a potion of lignification {unknown}


   Skills:
 - Level 4.3 Fighting
 + Level 3.9 Short Blades
 - Level 1.5 Maces & Flails
 - Level 1.2 Armour
 - Level 1.3 Spellcasting
 - Level 3.6 Conjurations
 - Level 1.2 Transmutations


You had 4 spell levels left.
You knew the following spells:

 Your Spells              Type           Power      Damage    Failure   Level
p - Shock                 Conj/Air       24%        1d4       16%         1

Your spell library contained the following spells:

 Spells                   Type           Power      Damage    Failure   Level
 Momentum Strike          Conj/Tloc      12%        3d8       22%         2
 Wereblood                Tmut           4%         N/A       28%         2
 Passwall                 Tmut/Erth      1%         N/A       36%         2
 Sticky Flame             Conj/Fire      6%         2d3       83%         4


Dungeon Overview and Level Annotations

Branches:
Dungeon (3/15) Zot: 908

Altars:

Shops:
D:1 =


Innate Abilities, Weirdness & Mutations

You passively map a small area around you.
You are easily found by Zot.
You glow in the dark.
You regain HP and MP as you explore.


Message History

You hit the orc priest but do no damage.
The orc priest is moderately wounded.
The orc priest hits you with a +0 dagger.
* * * LOW HITPOINT WARNING * * *
You hit the orc priest but do no damage.
The orc priest looks as sick as possible!
The orc priest is moderately wounded.
The orc priest barely misses you.
You hit the orc priest but do no damage.
The orc priest looks as sick as possible!
The orc priest is severely wounded.
You kill the orc priest!
Things that are here:
a +0 dagger; a +0 scale mail
Things that are here:
a +0 dagger; a +0 scale mail
There is a stone staircase leading down here.
There is a stone staircase leading down here.
You climb downwards.
The orc hits you but does no damage. x2
The orc priest hits you with a +0 hand axe.
The orc hits you with a +0 short sword. The orc hits you with a +0 mace.
There is a stone staircase leading up, spattered with blood here.
The orc hits you with a +0 short sword.
The orc priest calls down the wrath of Beogh upon you.
Beogh smites you!
* * * LOW HITPOINT WARNING * * *
The orc hits you with a +0 mace.
* * * LOW HITPOINT WARNING * * *
You climb upwards.
There is a stone staircase leading down here.
Unknown command.
Unknown command.
You hit the orc priest but do no damage.
The orc priest is poisoned.
The orc hits you with a +0 short sword.
* * * LOW HITPOINT WARNING * * *
The orc priest mumbles some strange prayers to Beogh against you.
Pain shoots through your body!
* * * LOW HITPOINT WARNING * * *
The orc hits you with a +0 mace.
You die...

..# #.............'...
###.###.............####
** #....##......########
,,, #....##......# , ,
#............#### ,
#...##..........# ,
#...##..........#
..........##.oo.......#
..........##.@....#####
.........##.o[.......#
.........##..........# *
.........##..........#
.........##..........# *
.........##..........#
#..........#
#..........# , ,
############


You could see an orc priest (very poisoned) and 2 orcs.

Vanquished Creatures
  An orc priest (D:2)
  An adder (D:2)
  A worm (D:2)
  A dart slug (D:1)
  An orc (D:2)
  3 bats
  4 endoplasms
  A giant cockroach (D:3)
  2 hobgoblins (D:1)
  4 kobolds
  2 quokkas
  4 ball pythons
  2 frilled lizards (D:1)
  3 goblins
  2 rats (D:2)
32 creatures vanquished.

Notes
Turn   | Place    | Note
-------+----------+-------------------------------------------
     0 | D:1      | lunkers the Meteoran Wanderer began the quest for the Orb.
     0 | D:1      | lunkers set off with the following items: a +0 club, a
                  | scroll of blinking, a +0 leather armour, a potion of
                  | attraction; and the following spell memorised: Shock; and
                  | the following spells available to memorise: Momentum
                  | Strike, Wereblood, Passwall, Sticky Flame.
     0 | D:1      | Reached XP level 1. HP: 22/22 MP: 3/3
    29 | D:1      | Reached skill level 1 in Maces & Flails
   115 | D:1      | Reached XP level 2. HP: 28/28 MP: 1/5
   133 | D:1      | Found Uhusada Hoics's Jewellery Shop.
   137 | D:1      | Reached skill level 1 in Short Blades
   376 | D:1      | Reached XP level 3. HP: 28/34 MP: 6/6
   593 | D:2      | Reached XP level 4. HP: 41/41 MP: 5/7
   894 | D:2      | HP: 1/41 [orc priest/nerve-wracking pain (9)]
   894 | D:2      | Slain by an orc

Illustrated notes

Levels and vault maps discovered:
D:1:      dpeg_arrival_shelter, layout_rooms, serial_shops,
          nicolae_shop_gaudy_bauble, serial_bayou_pond_e
D:2:      layout_basic
D:3:      layout_basic, cheibriados_altar_1, nicolae_ru_awakened_eye,
          uniq_jessica

Skill      XL: |  1  2  3 |
---------------+----------+-----
Maces & Flails | 1 |  1.5
Short Blades   | 1 3 |  3.9
Fighting       | |  4.3
Armour         | |  1.2
Spellcasting   | |  1.3
Conjurations   | |  3.6
Transmutations | |  1.2

Action                     |  1- 3 |  4- 6 || total
---------------------------+-------+-------++-------
  Melee: Club              |    11 |       ||    11
         Dagger            |    53 |    18 ||    71
         Punch             |       |     1 ||     1
   Cast: Shock             |    21 |     8 ||    29
 Armour: Leather armour    |    17 |    11 ||    28
  Dodge: Dodged            |    21 |     8 ||    29

Table legend: (Time is in decaauts)
 A = Elapsed time spent in this place.
 B = Non-inter-level travel time spent in this place.
 C = Inter-level travel time spent in this place.
 D = Time resting spent in this place.
 E = Time spent auto-exploring this place.
 F = Levels seen in this place.
 G = Mean time per level.
                   A        B        C        D        E       F      G
               +--------+--------+--------+--------+--------+-----+--------+
         Total |    891 |    878 |     13 |      0 |    577 |   3 |  297.0 |
       Dungeon |    891 |    878 |     13 |      0 |    577 |   3 |  297.0 |
               +--------+--------+--------+--------+--------+-----+--------+

Top non-repeatable levels by time:
     D:1: 466 daAuts
     D:2: 339 daAuts
     D:3: 85 daAuts
